 Dungeon Crawl Stone Soup version 0.25-b1-41-g19641232cd (webtiles) character file.

Game seed: 17569046262141734767

7609 H0rd4k the Slicer (level 11, -1/84 HPs)
             Began as a Human Artificer on June 8, 2020.
             Was an Initiate of Gozag.
             Killed from afar by a lightning spire (11 damage)
             ... with a bolt of electricity
             ... in a Gauntlet.
             The game lasted 00:34:01 (14987 turns).

H0rd4k the Slicer (Human Artificer)                Turns: 14987, Time: 00:34:05

Health: -1/84      AC: 11    Str: 19    XL:     11   Next: 40%
Magic:  24/24      EV: 16    Int: 11    God:    Gozag
Gold:   645        SH:  5    Dex: 14    Spells: 10/10 levels left

rFire    . . .     SeeInvis .   w - +11 dagger "Laesm" {drain, MR++}
rCold    . . .     Gourm    .   (no shield)
rNeg     . . .     Faith    .   b - +1 leather armour
rPois    .         Spirit   .   (no helmet)
rElec    .         Reflect  +   E - +2 cloak
rCorr    .         Harm     .   H - +2 pair of gloves of Experimentation {Str+3}
MR       ++...     NoTele   +   (no boots)
Stlth    +++.......             y - amulet of reflection
HPRegen  0.24/turn              F - ring of magical power
MPRegen  0.19/turn              (no ring)

@: mighty
A: no striking features
a: Potion Petition, Call Merchant, Bribe Branch, Renounce Religion


You were in a Gauntlet.
You worshipped Gozag.
Gozag was pleased with you.
You were not hungry.

You visited 2 branches of the dungeon, and saw 12 of its levels.
You also visited: Sewer and Gauntlet.

You collected 825 gold pieces.
You spent 54 gold pieces at shops.
You paid 126 gold pieces to Gozag.

Inventory:

Hand Weapons
 a - a +1 short sword
 w - the +11 dagger "Laesm" (weapon) {drain, MR++}
   (You found it on level 4 of the Dungeon)

   A truly terrible weapon, it drains the life of those it strikes.
   It affects your resistance to hostile enchantments.
 A - a +2 dagger of venom
Missiles
 o - 2 atropa-tipped darts
 r - 21 poisoned darts (quivered)
 u - 6 curare-tipped darts
Armour
 b - a +1 leather armour (worn)
 E - a +2 cloak (worn)
 H - the +2 pair of gloves of Experimentation (worn) {Str+3}
   (You found it on level 7 of the Dungeon)

   It affects your strength (+3).
Jewellery
 c - the ring of Beogh's Approval {*Tele MR+ Dex+4}
   (You found it in a Gauntlet)

   [ring of teleportation]

   It may teleport you next to monsters.
   It affects your dexterity (+4).
   It affects your resistance to hostile enchantments.
 y - an amulet of reflection (around neck)
 F - a ring of magical power (left hand)
Wands
 e - a wand of random effects (43)
Scrolls
 g - a scroll of enchant armour
 j - 2 scrolls of magic mapping
 k - 2 scrolls of fog
 l - 4 scrolls of teleportation
 m - a scroll of amnesia
 n - 4 scrolls of identify
 p - 3 scrolls of enchant weapon
 s - a scroll of blinking
 t - 2 scrolls of fear
 x - 2 scrolls of remove curse
 z - 2 scrolls of brand weapon
Potions
 d - a potion of haste
 h - a potion of mutation
 q - a potion of berserk rage
 v - 5 potions of flight
 C - a potion of brilliance
 D - a potion of stabbing
 G - a potion of might
Miscellaneous
 i - a phial of floods
Comestibles
 f - 13 rations


   Skills:
 + Level 7.1 Fighting
 + Level 9.6 Short Blades
 + Level 0.7 Throwing
 + Level 5.5 Armour
 + Level 7.5 Dodging
 + Level 6.4 Stealth
 + Level 5.9 Evocations


You had 10 spell levels left.
You didn't know any spells.
Your spell library contained the following spells:

 Spells                   Type           Power        Failure   Level  Hunger
 Magic Dart               Conj           #...         38%         1    ##.....
 Blink                    Tloc           N/A          52%         2    ###....
 Call Imp                 Summ           #.......     52%         2    ###....
 Slow                     Hex            #.......     52%         2    ###....
 Conjure Flame            Conj/Fire      #.......     77%         3    ####...
 Mephitic Cloud           Conj/Pois/Air  #.......     77%         3    ####...


Dungeon Overview and Level Annotations

Branches:
Dungeon (11/15)            Temple (1/1) D:4            Lair (0/6) D:9
  Sewer (visited)         Gauntlet (1/1)
    Orc: D:9-12

Altars:
Ashenzari
Cheibriados
Dithmenos
Elyvilon
Fedhas
Gozag
Hepliaklqana
Kikubaaqudgha
Makhleb
Nemelex Xobeh
Okawaru
Qazlal
Ru
Sif Muna
Trog
Uskayaw
Vehumet
Wu Jian
Xom
Yredelemnul
Zin
The Shining One

Shops:
D:5 *(*!

Annotations:
D:7 3 runed translucent doors, Chiseanne's ghost, novice DsWz
D:8 exclusion: downstairs
D:9 exclusion: 2 downstairs
D:10 Grum
D:11 exclusion: cyclops Gauntlet 11 transporters, exclusions: ice statue and lightning spire


Message History

The bolt of electricity hits the raiju.
The raiju completely resists.
The bolt of electricity hits you.
You puncture the raiju!
The raiju is lightly wounded.
The raiju bites you but does no damage.
You puncture the raiju!
The raiju is heavily wounded.
You puncture the raiju!
The raiju is almost dead.
The raiju bursts into living lightning!
The living lightning hits you!!
* * * LOW HITPOINT WARNING * * *
The living lightning hits you!
* * * LOW HITPOINT WARNING * * *
The raiju blinks! x4
The lightning spire shoots out a bolt of lightning at you!
The bolt of electricity hits the raiju.
The raiju completely resists.
The bolt of electricity hits you!
You die...
Your body crumbles into a pile of gold.

#.8.#..###########...###########.
#...#..##..=©|(.##...#.........#.
..8.####.#..8..#.#...#.##...##.#.
#.....©#..#...#..#...#..##.##..#.
#.8.####...#.#^..#.###...#.#...##
#...#..#..hh#^...#.#©#©..#©....#§
#≈8≈#..#..^#©#^§.#.#.#...#.#...#.
#####..#..#...#^h#.#.#..##.##.X#.
#..#.#....§#@#.#.#X##...##.#.
#..##......h##.#.#xxX......#.
###..#############.###########.
#8#......#©........#≈≈≈≈8≈≈≈§#.
###≈.....#########.###########.
#####..........#.#Y#####...#.
#8#..........#.#99..##.###.
###########..#.#9###...###. #8#
#8#..#.#=##.###..#.


You could see a catoblepas, a large abomination, 2 raiju, 2 molten gargoyles, a
gargoyle, 2 small abominations and a lightning spire.

Vanquished Creatures
  Pikel (D:5)
  An ugly thing (D:11)
  2 hippogriffs
  3 small abominations (Gauntlet)
  A wyvern (D:9)
  4 yaks (D:11)
  Menkaure (D:7)
  7 centaurs
  6 ogres
  Edmund (D:5)
  A black bear (D:11)
  Purgy (Sewer)
  5 orc warriors
  An ice beast (D:5)
  A slave (D:6)
  2 sky beasts
  3 wolves
  5 bullfrogs
  7 killer bees
  2 scorpions
  5 wights (D:8)
  4 howler monkeys
  A vampire bat (D:3)
  3 crimson imps
  A bullfrog zombie (D:5)
  4 hounds
  A quasit (D:8)
  Crazy Yiuf (D:5)
  4 orc priests
  2 centaur skeletons
  13 orc wizards
  3 bullfrog skeletons
  Ijyb (D:3)
  Natasha (thrice) (D:3)
  An iguana (D:9)
  2 worker ants (D:7)
  A hound zombie (D:7)
  7 gnolls
  A howler monkey skeleton (D:5)
  9 adders
  2 oozes
  An adder skeleton (D:10)
  3 worms
  3 dart slugs
  3 leopard geckos
  38 orcs
  6 giant cockroaches
  11 goblins
  8 hobgoblins
  11 kobolds
  4 quokkas
  5 ball pythons
  15 bats
  9 frilled lizards
  13 rats
254 creatures vanquished.

Vanquished Creatures (collateral kills)
  Grinder (D:4)
  An orc (D:5)
2 creatures vanquished.

Vanquished Creatures (others)
  An ogre (D:5)
  A hound (D:3)
  An orc wizard (D:3)
  An orc (D:5)
  A hobgoblin (D:1)
  A ball python (D:5)
  6 demonic plants (Gauntlet)
12 creatures vanquished.

Grand Total: 268 creatures vanquished

Notes
Turn   | Place    | Note
-------+----------+-------------------------------------------
     0 | D:1      | H0rd4k the Human Artificer began the quest for the Orb.
     0 | D:1      | Reached XP level 1. HP: 15/15 MP: 3/3
    21 | D:1      | You fall into a shaft and drop 1 floor!
   144 | D:2      | Reached XP level 2. HP: 5/21 MP: 4/4
   582 | D:2      | Reached XP level 3. HP: 26/26 MP: 5/5
   806 | D:2      | Found an ancient bone altar of Kikubaaqudgha.
   903 | D:2      | Found a hazy altar of Hepliaklqana.
  1064 | D:2      | Reached skill level 1 in Armour
  1064 | D:2      | Reached XP level 4. HP: 17/32 MP: 6/6
  2260 | D:1      | Reached XP level 5. HP: 35/37 MP: 7/7
  2518 | D:1      | Reached skill level 2 in Short Blades
  3237 | D:3      | Noticed Natasha
  3239 | D:3      | Noticed Ijyb
  3241 | D:3      | Killed Natasha
  3241 | D:3      | Reached XP level 6. HP: 44/44 MP: 8/8
  3331 | D:4      | Noticed an ogre
  3379 | D:4      | Noticed Grinder
  3398 | D:4      | Paralysed by Grinder for 4 turns
  3403 | D:4      | Killed Grinder
  3410 | D:4      | Killed an ogre
  3502 | D:4      | Found a staircase to the Ecumenical Temple.
  3573 | D:4      | Found a glowing drain.
  3577 | Sewer    | Entered a sewer
  3768 | Sewer    | Noticed Purgy
  3912 | Sewer    | Killed Purgy
  3912 | Sewer    | Reached skill level 3 in Short Blades
  3912 | Sewer    | Reached XP level 7. HP: 50/50 MP: 10/10
  4004 | D:4      | Got a buzzing dagger
  4005 | D:4      | Identified the +11 dagger "Laesm" {drain, MR++} (You found
                  | it on level 4 of the Dungeon)
  4048 | D:3      | Noticed Natasha
  4052 | D:3      | Killed Ijyb
  4061 | D:3      | Killed Natasha
  4249 | D:3      | Found a snail-covered altar of Cheibriados.
  4562 | D:3      | Found a glowing silver altar of Zin.
  4562 | D:3      | Noticed Natasha
  4567 | D:3      | Killed Natasha
  4584 | D:3      | Found a hide-covered altar of Uskayaw.
  5100 | D:5      | Entered Level 5 of the Dungeon
  5107 | D:5      | Found Afeduch's General Store.
  5116 | D:5      | Reached XP level 8. HP: 18/57 MP: 11/11
  5341 | D:5      | Found Cuir's Distillery.
  5487 | D:5      | Reached skill level 4 in Short Blades
  5541 | Temple   | Entered the Ecumenical Temple
  6099 | D:5      | Noticed Edmund
  6108 | D:5      | Found a runed translucent door.
  6109 | D:5      | Noticed Crazy Yiuf
  6218 | D:5      | Found Qackisecw's Weapon Boutique.
  6229 | D:5      | Reached skill level 5 in Short Blades
  6229 | D:5      | Reached skill level 5 in Dodging
  6289 | D:5      | Noticed Pikel
  6441 | D:6      | Reached skill level 5 in Evocations
  6441 | D:6      | Reached XP level 9. HP: 10/65 MP: 12/12
  7110 | D:6      | Found an iron altar of Okawaru.
  7293 | D:6      | Reached skill level 6 in Short Blades
  7316 | D:6      | Found a shadowy altar of Dithmenos.
  8014 | D:7      | Noticed a hippogriff
  8024 | D:7      | Killed a hippogriff
  8077 | D:5      | Killed Edmund
  8277 | D:5      | Found Eppupoja's Serpentskin Sales.
  8282 | D:5      | Killed Pikel
  8282 | D:5      | Reached skill level 5 in Fighting
  8464 | D:5      | Killed Crazy Yiuf
  8540 | D:5      | Reached XP level 10. HP: 74/74 MP: 14/14
  8563 | D:5      | Reached skill level 7 in Short Blades
  8729 | D:7      | Noticed Menkaure
  9831 | D:8      | Reached skill level 5 in Stealth
  9981 | D:8      | Found an ornate altar of the Wu Jian Council.
 10096 | D:8      | Found a white marble altar of Elyvilon.
 10305 | D:8      | Found a sparkling altar of Nemelex Xobeh.
 10305 | D:8      | Found an opulent altar of Gozag.
 10981 | D:7      | Killed Menkaure
 10987 | D:7      | Got a pair of twisted gloves
 10993 | D:7      | Identified the +2 pair of gloves of Experimentation {Str+3}
                  | (You found it on level 7 of the Dungeon)
 11233 | D:7      | Reached skill level 8 in Short Blades
 11233 | D:7      | Reached skill level 5 in Armour
 11535 | D:7      | Found a runed translucent gate.
 11536 | D:7      | Found a runed translucent gate.
 11537 | D:7      | Found a runed translucent gate.
 11569 | D:7      | Found a shattered altar of Ashenzari.
 11621 | D:7      | Noticed Chiseanne's ghost (novice DsWz)
 11821 | D:8      | Became a worshipper of Gozag Ym Sagoz the Greedy
 11979 | D:5      | Bought 6 curare-tipped darts for 54 gold pieces
 12284 | D:9      | Found a staircase to the Lair.
 12622 | D:10     | Entered Level 10 of the Dungeon
 13171 | D:10     | Noticed Grum
 13234 | D:9      | Reached XP level 11. HP: 28/83 MP: 15/15
 13523 | D:11     | Noticed a cyclops
 13680 | D:11     | Reached skill level 9 in Short Blades
 13759 | D:11     | Noticed a cyan ugly thing
 13777 | D:11     | Killed a cyan ugly thing
 13881 | D:11     | Found a gate leading to a gauntlet.
 13890 | Gauntlet | Entered a Gauntlet
 13890 | Gauntlet | Found a transporter.
 13890 | Gauntlet | Found a transporter.
 14051 | Gauntlet | Found a transporter.
 14094 | Gauntlet | Found a transporter.
 14109 | Gauntlet | Found a transporter.
 14109 | Gauntlet | Noticed a sixfirhy
 14119 | Gauntlet | Noticed a sixfirhy
 14122 | Gauntlet | Found a transporter.
 14125 | Gauntlet | Noticed a death yak
 14137 | Gauntlet | Noticed a green death
 14138 | Gauntlet | Found a transporter.
 14151 | Gauntlet | Noticed a death yak
 14204 | Gauntlet | Found a transporter.
 14219 | Gauntlet | Found a transporter.
 14235 | Gauntlet | Found a transporter.
 14236 | Gauntlet | Noticed a catoblepas
 14248 | Gauntlet | Found a transporter.
 14264 | Gauntlet | Found a transporter.
 14332 | Gauntlet | Found a transporter.
 14342 | Gauntlet | Noticed a death yak
 14348 | Gauntlet | Found a transporter.
 14350 | Gauntlet | Noticed a large abomination
 14351 | Gauntlet | Found a transporter.
 14377 | Gauntlet | Noticed a death yak
 14380 | Gauntlet | Noticed a death yak
 14381 | Gauntlet | Noticed a necromancer
 14387 | Gauntlet | Found a transporter.
 14778 | Gauntlet | Got a bound brass ring
 14804 | Gauntlet | Identified the ring of Beogh's Approval {*Tele MR+ Dex+4}
                  | (You found it in a Gauntlet)
 14987 | Gauntlet | Killed from afar by a lightning spire

Illustrated notes

Levels and vault maps discovered:
D:1:      saegor_arrival_simple_c, layout_loops_ring, chequers_avenue,
          minmay_split_cup_small
D:2:      layout_loops_ring, lemuel_coloured_pillars_altar,
          overflow_temple_1_default, minmay_cut_off
D:3:      wad_pebble_path, layout_basic, overflow_temple_1_default, minitemple,
          chequers_serial_rivers_room_a, roderic_batcave, uniq_ijyb,
          uniq_natasha
D:4:      layout_gridville, minmay_temple_entry_junction, gup_sewer_entry_bowl,
          first_ration, uniq_grinder
D:5:      layout_gridville, serial_shops, nicolae_shop_trees,
          kennysheep_little_box, shop, guppyfry_shop_venom, uniq_edmund,
          uniq_crazy_yiuf_cottage, uniq_pikel
D:6:      layout_loops_ring, nicolae_overflow_crystal_walls,
          nicolae_dithmenos_the_darkroom
D:7:      layout_cave_pools, ashenzari_conservatory_becter, enter_ossuary_2,
          gammafunk_ghost_icy, uniq_menkaure
D:8:      layout_basic, grunt_temple_overflow_opulence, kennysheep_mini_moat,
          marbit_many_paths, grunt_decor_one_mirror
D:9:      layout_rooms, lair_entry_dummy
D:10:     layout_basic, uniq_snorg, uniq_grum
D:11:     layout_stronghold, gauntlet_entry_generic
Temple:   compressed_dpeg_circular_temple
Gauntlet: gammafunk_gauntlet_branching [gammafunk_gauntlet_arena_split_diamond,
          nicolae_gauntlet_arena_flowing_pool, gammafunk_gauntlet_arena_mazey,
          gammafunk_gauntlet_arena_grid, gammafunk_gauntlet_arena_split_x,
          gammafunk_gauntlet_arena_crates, nicolae_gauntlet_arena_t_cross,
          nicolae_gauntlet_arena_x, gauntlet_exit_watery]

Skill      XL: |  1  2  3  4  5  6  7  8  9 10 11 |
---------------+----------------------------------+-----
Armour         | 1 2 3 4 5 |  5.5
Dodging        | 3 4 5 6 7 |  7.5
Short Blades   | 2 3 5 6 8 9 |  9.6
Fighting       | 2 3 5 6 7 |  7.1
Evocations     | 4 5 |  5.9
Stealth        | 2 4 5 6 |  6.4
Throwing       | |  0.7

Action                   |  1- 3 |  4- 6 |  7- 9 | 10-12 || total
-------------------------+-------+-------+-------+-------++-------
Melee: Short sword       |    81 |   244 |     5 |       ||   330
       Dagger            |       |       |   213 |   373 ||   586
Throw: Dart              |       |     3 |       |     1 ||     4
Evoke: Wand              |     4 |    23 |    10 |    10 ||    47
  Use: Potion            |       |     3 |     4 |     4 ||    11
       Scroll            |       |       |     4 |    15 ||    19
 Stab: Sleeping          |     1 |       |     2 |     7 ||    10
       Distracted        |       |     1 |       |     2 ||     3
       Invisible         |       |       |     1 |     2 ||     3
       Paralysed         |       |       |       |     1 ||     1
  Eat: Chunk             |       |     9 |    15 |    11 ||    35
       Ration            |       |       |       |     3 ||     3
Armor: Leather armour    |    23 |    68 |    27 |    56 ||   174
       Skin              |       |     4 |       |       ||     4
Dodge: Dodged            |    77 |   202 |   124 |   161 ||   564
Block: Other             |       |       |       |    48 ||    48
       Reflection        |       |       |       |     3 ||     3
